AoeStats
← Roronoa Yolo

African Clearing

510615183Analyzed
3v3 RM · 1d ago on Oct 1, 2026· 37m 54s· 6 players
Game mode
Random Map
Map size
Normal (6 player)
Population
200
Speed
Normal
Resources
Standard
Victory
Conquest
Starting age
Dark Age
Ending age
Imperial Age
RankedLock teamsTeams togetherTeam positionsShared explorationLock speedFull tech treeHidden civsTurbo modeCheats
Victory
Defeat
🇹🇼 Byzantines · Taiwan
1976
+6
🇨🇳 Chinese · China
1974
+6
🇨🇳 Hindustanis · China
1876
+8
🇫🇷 Saracens · France
1770
-8
🇫🇷 Bohemians · France
1728
-7
🇫🇷 Malians · France
1658
-5
Beauvéro
5:38 Loom
12:46 Feudal Age
16:33 Castle Age
15:14 Double-Bit Axe
Roronoa Yolo
4:29 Loom
14:22 Feudal Age
18:23 Castle Age
16:43 Double-Bit Axe
17:08 Horse Collar
24:43 Wheelbarrow
25:17 Bow Saw
26:09 Heavy Plow
32:57 Hand Cart
33:34 Gold Mining
37:49 Imperial Age
36:14 Gold Shaft Mining
35:45 Scale Mail Armor
35:55 Forging
35:44 Stone Mining
36:15 Tigui
37:29 Chain Mail Armor
guimbo
8:47 Loom
11:50 Feudal Age
15:53 Double-Bit Axe
22:01 Castle Age
22:02 Bloodlines
25:17 Light Cavalry
27:27 Town Watch
ique大爷
12:17 Feudal Age
13:17 Double-Bit Axe
16:03 Castle Age
15:44 Horse Collar
17:24 Bow Saw
17:15 Heavy Plow
19:29 Wheelbarrow
22:12 Hand Cart
23:57 Gold Mining
24:00 Stone Mining
27:28 Stone Shaft Mining
27:31 Gold Shaft Mining
27:17 Town Watch
28:40 Scale Barding Armor
29:59 Forging
32:41 Imperial Age
30:59 Chain Barding Armor
31:16 Iron Casting
30:59 Bloodlines
30:49 Husbandry
32:10 Coinage
32:57 Town Patrol
32:43 Loom
34:00 Plate Barding Armor
32:46 Heavy Camel Rider
33:49 Conscription
33:30 Grand Trunk Road
34:38 Banking
35:36 Blast Furnace
34:28 Imperial Camel Rider
36:35 Hoardings
36:11 Masonry
37:03 Chemistry
CNZS_Donghaidi
3:03 Loom
13:23 Feudal Age
14:06 Double-Bit Axe
15:18 Double-Bit Axe
17:41 Castle Age
16:11 Gold Mining
17:00 Fletching
18:20 Bodkin Arrow
19:59 Ballistics
20:32 Crossbowman
30:28 Wheelbarrow
30:27 Bow Saw
35:09 Imperial Age
32:32 Town Watch
33:24 Hand Cart
33:20 Padded Archer Armor
33:15 Horse Collar
ANKR.Blve
4:26 Loom
12:53 Feudal Age
13:21 Double-Bit Axe
39:18 Castle Age
Connection lost

Rejoining the realm…

Still unreachable

The connection could not be restored.

Session expired

The server has moved on; the page needs a fresh start.